 Dungeon Crawl Stone Soup version 0.31-a0-1059-g83d41fd8b6 (webtiles) character file.

Game seed: 2332074222057347259

13542 inmateoo the Cleaver (level 11, -1/99 HPs)
             Began as a Minotaur Fighter on Nov 21, 2023.
             Was a Priest of Uskayaw.
             Slain by a titanic slime creature (90 damage)
             ... on level 12 of the Dungeon.
             The game lasted 00:10:26 (12016 turns).

inmateoo the Cleaver (Minotaur Fighter)            Turns: 12016, Time: 00:10:26

Health: -1/99      AC: 19    Str: 24    XL:     11   Next: 77%
Magic:  10/10      EV:  9    Int:  5    God:    Uskayaw [***...]
Gold:   1519       SH:  6    Dex: 11    Spells: 10/10 levels left

rFire   + . .        l - +1 broad axe
rCold   + . .        c - +0 buckler
rNeg    . . .        A - +4 plate armour
rPois   .            (helmet unavailable)
rElec   .            x - scarf {rC+ rF+}
rCorr   .            (no gloves)
SInv    .            i - +0 pair of boots
Will    .....        (no amulet) Stlth
                     (no ring)
HPRegen 0.36/turn    (no ring)
MPRegen 0.12/turn

%: no passive effects
@: no status effects
A: horns 3, retaliatory headbutt
a: Renounce Religion, Stomp, Line Pass


You were on level 12 of the Dungeon.
You worshipped Uskayaw.
Uskayaw was noncommittal.
You visited 2 branches of the dungeon, and saw 13 of its levels.
You also visited: Sewer and Bailey.

You collected 1871 gold pieces.
You spent 352 gold pieces at shops.

Inventory:

Hand Weapons
 l - a +1 broad axe (weapon)
 C - a +4 spear
Missiles
 h - 8 throwing nets (quivered)
Armour
 c - a +0 buckler (worn)
 i - a +0 pair of boots (worn)
 x - a scarf of resistance (worn)
 A - a +4 plate armour (worn)
Jewellery
 q - a +6 ring of intelligence
Wands
 a - a wand of polymorph (8)
 n - a wand of roots (8)
 s - a wand of digging (2)
Scrolls
 b - 6 scrolls of teleportation
 e - 4 scrolls of immolation
 m - a scroll of silence
 o - 2 scrolls of noise
 r - a scroll of enchant armour
 t - 2 scrolls of amnesia
 u - 3 scrolls of revelation
 w - 2 scrolls of identify
 y - a scroll of vulnerability
 F - a scroll of summoning
Potions
 d - a potion of resistance
 f - a potion of ambrosia
 g - a potion of cancellation
 j - a potion of haste
 k - 5 potions of lignification
 p - 2 potions of brilliance
 v - 5 potions of curing
 z - 6 potions of heal wounds
 B - 5 potions of attraction
 D - a potion of enlightenment
 E - a potion of might


   Skills:
 + Level 10.0 Fighting
 * Level 13.2 Axes
 + Level 10.0 Armour
 + Level 8.2 Dodging
 + Level 9.9 Shields
 + Level 2.4 Shapeshifting


You had 10 spell levels left.
You didn't know any spells.
Your spell library contained the following spells:

 Spells                   Type           Power      Damage    Failure   Level
 Kiss of Death            Conj/Necr      0%         2d5       100%        1
 Slow                     Hex            0%         N/A       100%        1
 Scorch                   Fire           0%         2d5       100%        2
 Sublimation of Blood     Necr           0%         N/A       100%        2
 Confusing Touch          Hex            0%         N/A       100%        3
 Sigil of Binding         Hex            0%         N/A       100%        3
 Vampiric Draining        Necr           0%         2d6       100%        3
 Animate Armour           Summ/Erth      0%         N/A       100%        4
 Dispel Undead            Necr           0%         3d6       100%        4
 Flame Wave               Conj/Fire      0%         2d4       100%        4
 Petrify                  Tmut/Erth      0%         N/A       100%        4
 Summon Lightning Spire   Summ/Air       0%         N/A       100%        4
 Vhi's Electric Charge    Tloc/Air       0%         N/A       100%        4
 Arcjolt                  Conj/Air       0%         1d10      100%        5
 Irradiate                Conj/Tmut      0%         3d11      100%        5
 Lee's Rapid Deconstruct  Erth           0%         3d4*      100%        5
 Summon Cactus Giant      Summ           0%         N/A       100%        6
 Maxwell's Capacitive Co  Air            0%         ∞         100%        8


Dungeon Overview and Level Annotations

Branches:
Dungeon (12/15)            Temple (1/1) D:4            Lair (0/5) D:8
  Sewer (visited)          Bailey (visited)
    Orc: D:9-12

Altars:
Ashenzari
Cheibriados
Dithmenos
Elyvilon
Fedhas
Gozag
Hepliaklqana
Kikubaaqudgha
Makhleb
Nemelex Xobeh
Okawaru
Qazlal
Ru
Sif Muna
Trog
Uskayaw
Vehumet
Wu Jian
Xom
Yredelemnul
Zin
The Shining One

Shops:
D:6 *   D:9 *

Annotations:
D:7 3 runed translucent doors, zero's ghost, novice KoHs
D:8 1 runed translucent door, PanSaczeczos's ghost, novice MfHu
D:10 3 transporters


Innate Abilities, Weirdness & Mutations

You have a pair of large horns on your head.
You reflexively headbutt those who attack you in melee.


Message History

The yak is heavily wounded.
A slime creature comes into view.
The yak gores you!
Two slime creatures merge to form a large slime creature.
You slash the yak!
The yak is almost dead.
Uskayaw will force your foes to helplessly watch your dance.
Uskayaw prepares the audience for your solo!
The helpless yak fails to defend itself.
You slice the yak!!
You kill the yak!
The slime creature is no longer paralysed.
The large slime creature is no longer paralysed.
The slime creature is no longer paralysed.
The yak is no longer paralysed.
Two slime creatures merge to form a large slime creature.
You see here a yak corpse.
You barely miss the large slime creature.
You headbutt the large slime creature, but do no damage.
Two slime creatures merge to form a very large slime creature.
The large slime creature hits you but does no damage.
You slash the large slime creature!
The large slime creature is lightly wounded.
The large slime creature hits you but does no damage.
You slash the large slime creature!
Your headbutt misses the large slime creature.
The large slime creature is lightly wounded.
The large slime creature hits you.
Two slime creatures merge to form a titanic slime creature.
You hit the titanic slime creature.
The titanic slime creature is lightly wounded.
You barely miss the titanic slime creature.
You headbutt the titanic slime creature!
The titanic slime creature is lightly wounded.
You hit the titanic slime creature but do no damage.
Your headbutt misses the titanic slime creature.
The titanic slime creature is lightly wounded.
The titanic slime creature hits you!!!!
Ouch! That really hurt!
You die...

#......# ####.##
#.....# # #.....#
... ###.....# #....
........#####......
#.....##.@JY#
#.....#..####
#.......##
#.....### #.....#
##.#### #...# ###.#
#.# ##.


You could see a titanic slime creature and a yak.

Vanquished Creatures
  The ghost of MrCrawl the Arsonist, a journeyman DrFE of Sif Muna (D:11)
  A two-headed ogre (D:12)
  A cyclops (D:11)
  An unseen horror (D:12)
  A komodo dragon (D:8)
  3 kobold demonologists (D:11)
  3 trolls
  Prince Ribbit (D:6)
  Sigmund (D:4)
  4 shadows
  2 wraiths (D:11)
  15 yaks
  4 vampire mosquitoes (D:9)
  Grum (Bailey)
  2 steam dragons
  An acid dragon (D:11)
  3 water moccasins
  5 ice beasts
  A sky beast (D:6)
  A black bear (D:8)
  An orc warrior (D:8)
  3 ogres
  5 wolves (Bailey)
  A centaur (D:10)
  2 kobold brigands
  8 gnoll sergeants
  A scorpion (D:5)
  6 bullfrogs
  16 wights
  5 killer bees (D:7)
  6 howler monkeys
  6 hounds
  3 jellies
  8 orc priests
  8 gnoll boudas
  A sleepcap (D:7)
  Terence (D:3)
  2 iguanas (D:6)
  6 orc wizards
  28 gnolls
  7 adders
  A river rat (D:3)
  A shadow imp (D:6)
  2 ufetubi (D:5)
  A worm (D:2)
  3 dart slugs
  31 orcs
  7 ball pythons
  4 endoplasms
  3 giant cockroaches
  19 goblins
  7 hobgoblins
  7 jackals
  19 kobolds
  9 quokkas
  5 bats
  4 frilled lizards (D:1)
  7 rats
306 creatures vanquished.

Notes
Turn   | Place    | Note
-------+----------+-------------------------------------------
     0 | D:1      | inmateoo the Minotaur Fighter began the quest for the Orb.
     0 | D:1      | Reached XP level 1. HP: 19/19 MP: 0/0
   184 | D:1      | Reached XP level 2. HP: 27/27 MP: 1/1
   318 | D:1      | Reached skill level 3 in Axes
   742 | D:2      | Reached skill level 1 in Dodging
   742 | D:2      | Reached XP level 3. HP: 33/33 MP: 2/2
   946 | D:2      | Found a bloodstained altar of Trog.
  1552 | D:3      | Found a glowing drain.
  1560 | D:3      | Reached XP level 4. HP: 40/40 MP: 3/3
  1570 | Sewer    | Entered a sewer
  1622 | Sewer    | Noticed a water moccasin
  1635 | Sewer    | Killed a water moccasin
  1636 | Sewer    | Reached skill level 4 in Axes
  1636 | Sewer    | Reached XP level 5. HP: 24/47 MP: 4/4
  2161 | D:3      | Found a shimmering blue altar of Sif Muna.
  2358 | D:3      | Found a shadowy altar of Dithmenos.
  2358 | D:3      | Found a hazy altar of Hepliaklqana.
  2362 | D:3      | Noticed a shadow
  2426 | D:3      | Noticed Terence
  2433 | D:3      | Killed Terence
  2434 | D:3      | Reached XP level 6. HP: 36/53 MP: 5/5
  2675 | D:4      | Found a staircase to the Ecumenical Temple.
  2688 | Temple   | Entered the Ecumenical Temple
  2743 | Temple   | Became a worshipper of Uskayaw the Reveller
  2828 | D:4      | Reached * piety under Uskayaw
  2832 | D:4      | Noticed Sigmund
  2844 | D:4      | Reached ** piety under Uskayaw
  2848 | D:4      | Killed Sigmund
  2849 | D:4      | Reached skill level 5 in Axes
  2849 | D:4      | Reached skill level 5 in Shields
  3008 | D:4      | Found an ornate altar of the Wu Jian Council.
  3091 | D:4      | Reached skill level 5 in Fighting
  3091 | D:4      | Reached skill level 5 in Armour
  3310 | D:4      | Reached XP level 7. HP: 61/61 MP: 6/6
  3504 | D:4      | Reached *** piety under Uskayaw
  3507 | D:4      | Reached skill level 6 in Axes
  3507 | D:4      | Reached **** piety under Uskayaw
  3573 | D:5      | Entered Level 5 of the Dungeon
  3573 | D:5      | Noticed a shadow
  3579 | D:5      | Killed a shadow
  3853 | D:5      | Reached XP level 8. HP: 47/70 MP: 7/7
  3979 | D:5      | Reached skill level 7 in Axes
  4901 | D:6      | Noticed Prince Ribbit
  5105 | D:6      | Killed Prince Ribbit
  5106 | D:6      | Reached skill level 8 in Axes
  5351 | D:6      | Found Bucwejylo's Neck Hole.
  5532 | D:7      | Found a runed translucent gate.
  5532 | D:7      | Found a runed translucent gate.
  5532 | D:7      | Found a runed translucent gate.
  5533 | D:7      | Noticed zero's ghost (novice KoHs)
  5679 | D:7      | Reached XP level 9. HP: 78/78 MP: 8/8
  5735 | D:7      | Reached skill level 5 in Dodging
  5738 | D:7      | Reached ***** piety under Uskayaw
  5842 | D:7      | Reached skill level 9 in Axes
  6416 | D:6      | Bought a scarf of resistance for 352 gold pieces
  6482 | D:8      | Noticed a komodo dragon
  6495 | D:8      | Killed a komodo dragon
  6539 | D:7      | Reached skill level 10 in Axes
  6548 | D:7      | HP: 4/81 [poisoned by a water moccasin]
  6942 | D:8      | Found a runed translucent door.
  7128 | D:8      | Reached XP level 10. HP: 88/88 MP: 9/9
  7128 | D:8      | Found a staircase to the Lair.
  7139 | D:8      | Found a snail-covered altar of Cheibriados.
  7141 | D:8      | Found a shimmering altar of Xom.
  7686 | D:8      | Noticed PanSaczeczos's ghost (novice MfHu)
  7723 | D:9      | Reached skill level 11 in Axes
  7753 | D:9      | Found a flagged portal.
  7778 | Bailey   | Entered a bailey
  8029 | Bailey   | Noticed Grum
  8049 | Bailey   | Killed Grum
  8939 | D:9      | Found Emau's Changing Room.
  9332 | D:9      | Found a burning altar of Makhleb.
  9556 | D:10     | Entered Level 10 of the Dungeon
  9559 | D:10     | Found a transporter.
  9585 | D:9      | HP: 4/91 [yak (6)]
  9586 | D:9      | HP: 1/91 [yak (3)]
  9849 | D:9      | Reached skill level 12 in Axes
  9856 | D:9      | Reached XP level 11. HP: 61/97 MP: 10/10
  9962 | D:10     | Reached skill level 1 in Shapeshifting
 10089 | D:10     | Found a transporter.
 10152 | D:10     | Found a transporter.
 10619 | D:11     | Noticed MrCrawl's ghost (journeyman DrFE)
 10619 | D:11     | Found a runed translucent door.
 10626 | D:11     | Gained mutation: You are vulnerable to heat. (rF-) [a
                  | neqoxec]
 10633 | D:11     | Noticed a soul eater
 10635 | D:11     | Reached ****** piety under Uskayaw
 10970 | D:11     | Lost mutation: You are vulnerable to heat. (rF-) [potion of
                  | mutation]
 10970 | D:11     | Gained mutation: You have a pair of large horns on your
                  | head. [potion of mutation]
 11054 | D:11     | Identified a scroll of acquirement
 11054 | D:11     | Acquired 1160 gold pieces
 11234 | D:11     | Noticed a two-headed ogre
 11246 | D:12     | Killed a two-headed ogre
 11529 | D:11     | Reached skill level 13 in Axes
 11920 | D:11     | Killed MrCrawl's ghost
 11921 | D:11     | Reached skill level 10 in Fighting
 12006 | D:12     | Reached skill level 10 in Armour
 12016 | D:12     | Slain by a titanic slime creature

Illustrated notes

Levels and vault maps discovered:
D:1:      scummos_arrival_forest, layout_basic, minmay_quantized
D:2:      layout_loops_corners, basic_altar
D:3:      layout_rooms, riverfiend_overflow_shadow_ancestor,
          mainiacjoe_overflow_six_doors_small, portal_sewer_entry_a,
          minmay_stone_trees_medium, uniq_terence
D:4:      layout_basic, pdpol_wu_jian_five_deadly_venoms,
          minmay_temple_entry_junction, minmay_ogre_servants, uniq_sigmund
D:5:      layout_loops_ring, serial_bayou_pond_a, kennysheep_decorative_pillar,
          nicolae_grassy_gnolls
D:6:      layout_rooms, nicolae_kite_square_tiling_tiny,
          nicolae_shop_sticking_my_neck_out, uniq_prince_ribbit1
D:7:      nicolae_cairo_tiling_large, layout_loops_ring,
          ebering_ghost_rock_garden
D:8:      layout_cave_pods, grunt_temple_overflow_open,
          due_lair_maze_entry_diamond, ebering_ghost_reflecting_pool
D:9:      layout_rooms, kennysheep_mini, enter_bailey_4,
          serial_co_window_serial, co_window_paths_a, co_window_paths_a,
          co_window_corner_a, co_window_of_opportunity_a, co_window_corner_a,
          co_window_corner_a, co_window_of_opportunity_a, co_window_corner_b,
          co_window_broadway_b, co_window_of_opportunity_b, co_window_corner_b,
          co_window_sun, nicolae_transmutations_shop
D:10:     layout_long_grid, nicolae_diode_intersection
D:11:     layout_long_grid, hellmonk_ghost_happy_afterlife
D:12:     layout_roguey, david_orc_4, uniq_josephine, uniq_snorg
Temple:   regret_index_temple_waves

Skill      XL: |  1  2  3  4  5  6  7  8  9 10 11 |
---------------+----------------------------------+-----
Axes           | 3 4 5 6 8 10 12 13 | 13.2
Dodging        | 1 2 3 4 6 7 8 |  8.2
Shields        | 4 5 6 7 9 |  9.9
Fighting       | 4 5 6 8 9 10 | 10.0
Armour         | 4 5 6 7 9 10 | 10.0
Shapeshifting  | 2 |  2.4

Action                     |  1- 3 |  4- 6 |  7- 9 | 10-12 || total
---------------------------+-------+-------+-------+-------++-------
  Melee: War axe           |    69 |       |       |       ||    69
         Headbutt          |    11 |    13 |    45 |    62 ||   131
         Broad axe         |    24 |   111 |   253 |   297 ||   685
         Unarmed           |       |       |       |     4 ||     4
    Use: Scroll            |     9 |     8 |     5 |     5 ||    27
         Potion            |       |     3 |       |     1 ||     4
   Stab: Invisible         |       |     2 |       |       ||     2
         Paralysed         |       |       |    17 |    50 ||    67
 Armour: Scale mail        |    63 |       |       |       ||    63
         Chain mail        |     2 |    94 |   248 |       ||   344
         Skin              |       |    11 |       |     1 ||    12
         Plate armour      |       |       |     5 |   375 ||   380
  Dodge: Dodged            |    40 |    44 |   117 |   189 ||   390
  Block: Buckler           |    25 |    23 |    72 |   108 ||   228

Table legend: (Time is in decaauts)
 A = Elapsed time spent in this place.
 B = Non-inter-level travel time spent in this place.
 C = Inter-level travel time spent in this place.
 D = Time resting spent in this place.
 E = Time spent auto-exploring this place.
 F = Levels seen in this place.
 G = Mean time per level.
                   A        B        C        D        E       F      G
               +--------+--------+--------+--------+--------+-----+--------+
         Total |  12155 |  11666 |    489 |   3188 |   6337 |  15 |  810.3 |
       Dungeon |  10945 |  10568 |    377 |   2659 |   6141 |  12 |  912.1 |
        Temple |    113 |      2 |    111 |      0 |      0 |   1 |  113.0 |
         Sewer |    265 |    265 |      0 |    128 |     53 |   1 |  265.0 |
        Bailey |    832 |    832 |      0 |    401 |    143 |   1 |  832.0 |
               +--------+--------+--------+--------+--------+-----+--------+

Top non-repeatable levels by time:
     D:9: 1401 daAuts
     D:7: 1347 daAuts
     D:5: 1229 daAuts
    D:11: 1033 daAuts
     D:8: 966 daAuts
     D:2: 926 daAuts
     D:4: 858 daAuts
     D:3: 849 daAuts
  Bailey: 832 daAuts
    D:10: 692 daAuts
     D:1: 656 daAuts
     D:6: 619 daAuts
    D:12: 363 daAuts
   Sewer: 265 daAuts
  Temple: 113 daAuts
